 Dungeon Crawl Stone Soup version 0.28-a0-793-g31680bbd8b (webtiles) character file.

Game seed: 190868419566730813

36339 kae the Fighter (level 13, -11/116 HPs)
             Began as a Black Draconian Transmuter on Nov 3, 2021.
             Was a Follower of Ru.
             Mangled by a blink frog (26 damage)
             ... on level 6 of the Lair of Beasts.
             The game lasted 00:16:59 (25028 turns).

kae the Fighter (Black Draconian Transmuter)       Turns: 25028, Time: 00:17:00

Health: -11/116    AC: 13    Str: 17    XL:     13   Next: 52%
Magic:  26/26      EV: 22    Int: 24    God:    Ru [*.....]
Gold:   839        SH:  0    Dex: 18    Spells: 14/30 levels left

rFire   . . .      SeeInvis +     - Unarmed
rCold   . . .      Faith    .   (shield currently unavailable)
rNeg    . . .      Spirit   .   (armour unavailable)
rPois   +          Reflect  +   I - +2 hat {Will+}
rElec   +          Harm     .   q - +2 cloak {rPois}
rCorr   .          Rampage  .   (gloves currently unavailable)
Will    +....                   (no boots)
Stlth   ++........              d - amulet of reflection
HPRegen 0.29/turn               h - +6 ring of dexterity
MPRegen 0.20/turn               E - ring "Zahy" {EV+4 Str+4 Int+6 SInv}

@: about to teleport, blade hands (expiring), sleeping, studying Translocations
A: breathe lightning, AC +8, unfitting armour, electricity resistance,
cold-blooded, hated by all
a: Breathe Lightning, End Transformation, Renounce Religion, Sacrifice Purity,
Sacrifice Words, Sacrifice Skill, Reject Sacrifices


You were on level 6 of the Lair of Beasts.
You worshipped Ru.
Ru was aware of your devotion.
You had blades for hands.
You visited 3 branches of the dungeon, and saw 17 of its levels.
You also visited: Ossuary and Gauntlet.

You collected 1011 gold pieces.
You spent 172 gold pieces at shops.

Inventory:

Missiles
 B - a throwing net
Armour
 q - a +2 cloak of poison resistance (worn)
 I - a +2 hat of willpower (worn)
Jewellery
 b - an amulet of the acrobat
 d - an amulet of reflection (around neck)
 f - a ring of willpower
 h - a +6 ring of dexterity (left blade hand)
 i - a ring of ice
 k - a ring of ice
 l - a ring of protection from cold
 t - a ring of wizardry
 y - a ring of magical power
 C - a ring of magical power
 D - a ring of poison resistance
 E - the ring "Zahy" (right blade hand) {EV+4 Str+4 Int+6 SInv}
   (You found it in a Gauntlet)

   [ring of evasion]

   EV:        It affects your evasion (+4).
   Str:       It affects your strength (+4).
   Int:       It affects your intelligence (+6).
   SInv:      It lets you see invisible.
 H - the ring "Tirrezys" {Wiz rC+}
   (You found it in a Gauntlet)

   [ring of wizardry]

   It improves your spell success rate.
   rC:        It protects you from cold.
Wands
 s - a wand of acid (28)
 w - a wand of digging (6)
 z - a wand of polymorph (8)
 A - a wand of iceblast (21)
 G - a wand of paralysis (9)
Scrolls
 a - 3 scrolls of fog
 p - 2 scrolls of teleportation
 F - 2 scrolls of enchant weapon
 K - a scroll of enchant armour
 L - 2 scrolls of amnesia
Potions
 c - 2 potions of resistance
 e - 3 potions of lignification
 g - 3 potions of curing
 j - 4 potions of degeneration
 m - 2 potions of brilliance
 n - 2 potions of might {unknown}
 o - a potion of flight
 u - 4 potions of attraction {unknown}
 v - 3 potions of berserk rage {unknown}
 x - a potion of ambrosia {unknown}


   Skills:
 + Level 11.6 Fighting
 + Level 10.0 Dodging
 + Level 11.0 Unarmed Combat
 - Level 9.0 Spellcasting
 + Level 10.8 Transmutations
 - Level 5.0 Ice Magic
 - Level 2.0 Poison Magic


You had 14 spell levels left.
You knew the following spells:

 Your Spells              Type           Power      Damage    Failure   Level
a - Beastly Appendage     Tmut           100%       N/A       6%          1
b - Spider Form           Tmut/Pois      41%        N/A       17%         3
c - Ice Form              Ice/Tmut       48%        N/A       22%         4
d - Mephitic Cloud        Conj/Pois/Air  14%        N/A       52%         3
e - Blade Hands           Tmut           29%        N/A       21%         5

Your spell library contained the following spells:

 Spells                   Type           Power      Damage    Failure   Level
 Wereblood                Tmut           58%        N/A       7%          2
 Passwall                 Tmut/Erth      30%        N/A       16%         2
 Ignite Poison            Fire/Tmut/Pois 31%        N/A       26%         3
 Slow                     Hex            40%        N/A       36%         1
 Blink                    Tloc           20%        N/A       43%         2
 Confusing Touch          Hex            10%        N/A       58%         3
 Swiftness                Air            10%        N/A       58%         3
 Vampiric Draining        Necr           10%        2d6       58%         3
 Freezing Cloud           Conj/Ice/Air   9%         6-21      93%         5
 Iskenderun's Battlesphe  Conj           10%        2d6       99%         5
 Manifold Assault         Tloc           10%        N/A       99%         5
 Invisibility             Hex            5%         N/A       100%        6
 Iron Shot                Conj/Erth      5%         9d2       100%        6
 Storm Form               Tmut/Air       18%        N/A       100%        7
 Borgnjor's Revivificati  Necr           5%         N/A       100%        8
 Necromutation            Tmut/Necr      18%        N/A       100%        8
 Death's Door             Necr           5%         N/A       100%        9
 Animate Armour           Summ/Erth      Unusable   N/A       N/A         4
 Spellforged Servitor     Conj/Summ      Unusable   N/A       N/A         7

Dungeon Overview and Level Annotations

Branches:
Dungeon (10/15)            Temple (1/1) D:7            Lair (6/6) D:9
 Shoals (0/4) Lair:4       Spider (0/4) Lair:4        Slime (0/5) Lair:6
Ossuary (visited)         Gauntlet (visited)
    Orc: D:9-12

Altars:
Ashenzari
Cheibriados
Dithmenos
Elyvilon
Fedhas
Gozag
Hepliaklqana
Kikubaaqudgha
Makhleb
Nemelex Xobeh
Okawaru
Qazlal
Ru
Sif Muna
Trog
Uskayaw
Vehumet
Wu Jian
Xom
Yredelemnul
Zin
The Shining One

Shops:
D:7 [   D:8 (   D:9 *

Annotations:
D:5 1 runed translucent door, Vodalian's ghost, novice MiBe
D:7 exclusion: acid dragon
Lair:1 Urug


Innate Abilities, Weirdness & Mutations

You have blades for hands.
Your spellcasting is less reliable in this form.
You are incapable of wielding weapons or throwing items.
You can breathe wild blasts of lightning.
Your glossy black scales are hard. (AC +8)
You cannot fit into any form of body armour.
You are resistant to electric shocks. (rElec)
You are cold-blooded and may be slowed by cold attacks.
You are hated by all.


Message History

You hear an angry hiss. 2 dream sheep come into view.
The dream sheep moves out of view.
Found a robe.
The dream sheep bleats!
The dream sheep ruffle their wool and motes of dream dust sparkle, to no effect.
A dream sheep comes into view.
A blink frog comes into view.
The dream sheep shake their wool and sparkle.
You feel drowsy...
You fall asleep.
The cane toad barely misses you.
A snapping turtle comes into view.
The blink frog croaks. x2; You hear a bleat!
The cane toad completely misses you.
The blink frog blinks!
The yak gores you!
You wake up.
* * * LOW HITPOINT WARNING * * *
Unknown command.
Unknown command.
Unknown command.
As you read the scroll of magic mapping, it crumbles to dust.
You feel momentarily disoriented.
The cane toad stings you but does no damage.
The blink frog closely misses you.
The blink frog blinks!
A blink frog comes into view.
The yak misses you.
Unknown command.
As you read the scroll of teleportation, it crumbles to dust.
You feel strangely unstable.
The blink frog croaks.
You hear a loud, deep croak!
You hear a croak.
The blink frog hits you.
* * * LOW HITPOINT WARNING * * *
The cane toad stings you but does no damage.
The cane toad barely misses you.
The blink frog begins to attack, but is stunned by your conviction!
The yak misses you.
The blink frog blinks!
You block the blink frog's attack.
The dream sheep shake their wool and sparkle.
You feel drowsy...
You fall asleep.
You have got your breath back.
The blink frog hits you!!
You die...

,,........#.##...#,.≈≈.,...≈≈≈≈..
,,..........##..###..............
,,........................F......
,,...(.................?....P....
,,.J#............................
,,....#.....Yl...................
,,...........Y.Y...............§.
,*..>..#.....J.YF...........§.§.†
,,.(........YYYF@.........[§§§...
,,*...#.....#..#...t......≈§§§§..
,,,,*.........#.#........≈#§§§§#.
,,,,,....YY..###..........##§§≈#h
,,,,,,.......,,*,.........≈≈≈≈≈≈H
,,,,,,,[.##..,,,,........≈≈≈≈≈#†≈
,,,,,,,,,*#.,,,,,.........##≈≈≈.P
,,,,,,,,***,,***,........≈*#≈≈#≈≈
*,*,,,,,,*,,,,*,,,,,,,...,≈P.≈#8≈


You could see a snapping turtle, a komodo dragon, 5 yaks, a cane toad, a blink
frog, 4 dream sheep and a jelly.

Vanquished Creatures
  A bunyip (shapeshifter) (Gauntlet)
  A minotaur (Gauntlet)
  4 hydras
  A merfolk avatar (Lair:6)
  A two-headed ogre (D:6)
  A tengu warrior (Gauntlet)
  12 death yaks
  Pikel (D:6)
  A manticore (Lair:4)
  5 elephants (Lair:4)
  2 black mambas
  Joseph (D:8)
  11 cane toads
  4 rime drakes
  7 komodo dragons
  A tengu conjurer (Gauntlet)
  A minotaur zombie (Gauntlet)
  2 jumping spiders (Lair:4)
  2 polar bears
  2 hornets (Gauntlet)
  A wind drake (Lair:4)
  10 blink frogs
  27 yaks
  8 wyverns
  A steam dragon (D:8)
  A basilisk (Lair:3)
  11 water moccasins
  An orc warrior (D:6)
  A black bear (D:4)
  2 ice beasts (D:6)
  12 wolves
  4 centaurs
  3 ogres
  A lemure (D:6)
  A kobold brigand (D:10)
  16 bullfrogs
  2 elf zombies (Ossuary)
  3 scorpions
  A wyvern skeleton (D:6)
  A water moccasin skeleton (D:6)
  6 wights
  2 centaur zombies
  2 bullfrog zombies
  3 hounds
  A centaur skeleton (D:5)
  Crazy Yiuf (D:7)
  An orc priest (D:8)
  An iguana (D:7)
  2 orc wizards
  2 howler monkey zombies
  2 mummies (Ossuary)
  A howler monkey skeleton (D:6)
  3 adders
  A shadow imp (D:6)
  4 white imps
  An ufetubus (D:5)
  5 worms
  2 dart slugs (D:1)
  10 orcs
  11 ball pythons
  13 endoplasms
  A giant cockroach (D:1)
  3 gnoll zombies (Ossuary)
  5 goblins
  3 hobgoblins
  17 kobolds
  2 quokkas
  7 bats
  3 frilled lizards (D:1)
  A goblin zombie (Ossuary)
  3 hobgoblin zombies (Ossuary)
  5 orc zombies (Ossuary)
  A rat (D:1)
293 creatures vanquished.

Vanquished Creatures (collateral kills)
  A hornet (Gauntlet)
1 creature vanquished.

Vanquished Creatures (others)
  An orc wizard (D:6)
  18 fungi
  33 plants
  4 withered plants (Gauntlet)
56 creatures vanquished.

Grand Total: 350 creatures vanquished

Notes
Turn   | Place    | Note
-------+----------+-------------------------------------------
     0 | D:1      | kae the Draconian Transmuter began the quest for the Orb.
     0 | D:1      | Reached XP level 1. HP: 16/16 MP: 3/3
   134 | D:1      | Reached XP level 2. HP: 16/23 MP: 3/5
   724 | D:1      | Reached XP level 3. HP: 29/29 MP: 4/6
   728 | D:1      | Learned a level 3 spell: Spider Form
  1252 | D:2      | Found a faded altar of an unknown god.
  1340 | D:2      | Found a white marble altar of Elyvilon.
  2419 | D:3      | Reached XP level 4. HP: 31/36 MP: 5/7
  2668 | D:4      | Noticed a bullfrog
  2680 | D:4      | Killed a bullfrog
  2681 | D:4      | Reached skill level 1 in Poison Magic
  2681 | D:4      | Reached XP level 5. HP: 27/42 MP: 6/8
  2900 | D:4      | Noticed a black bear
  2911 | D:4      | Killed a black bear
  2912 | D:4      | Reached XP level 6. HP: 39/51 MP: 5/10
  3556 | D:5      | Entered Level 5 of the Dungeon
  3870 | D:5      | Your scales start taking on a glossy black colour.
  3870 | D:5      | Reached XP level 7. HP: 50/57 MP: 8/12
  3870 | D:5      | Gained mutation: You are resistant to electric shocks.
                  | (rElec) [Black Draconian growth]
  3957 | D:5      | Found a runed translucent door.
  3959 | D:5      | Noticed Vodalian's ghost (novice MiBe)
  4377 | D:5      | Learned a level 4 spell: Ice Form
  4515 | D:6      | Reached skill level 1 in Ice Magic
  5509 | D:6      | Reached XP level 8. HP: 66/66 MP: 4/13
  6064 | D:6      | Reached skill level 5 in Unarmed Combat
  6451 | D:6      | Noticed a two-headed ogre
  6462 | D:6      | Killed a two-headed ogre
  6463 | D:6      | Reached skill level 5 in Fighting
  6768 | D:6      | Noticed Pikel
  6786 | D:6      | Killed Pikel
  6787 | D:6      | Reached skill level 5 in Transmutations
  6787 | D:6      | Reached XP level 9. HP: 47/74 MP: 13/16
  7774 | D:7      | Reached skill level 5 in Ice Magic
  7980 | D:7      | Found a staircase to the Ecumenical Temple.
  8038 | Temple   | Entered the Ecumenical Temple
  8155 | Temple   | Became a worshipper of Ru the Awakened
  8223 | D:7      | Reached skill level 5 in Dodging
  8223 | D:7      | Reached skill level 5 in Spellcasting
  8232 | D:7      | Noticed a boulder beetle
  8904 | D:7      | Found Werchois's Antique Armour Shop.
  9113 | D:7      | Found a runed translucent door.
  9114 | D:7      | Noticed Crazy Yiuf
  9415 | D:7      | Killed Crazy Yiuf
  9624 | D:8      | Found Evueqa's Firing Range.
  9673 | D:8      | Found a sand-covered staircase.
  9677 | Ossuary  | Entered an ossuary
 10163 | D:8      | Reached XP level 10. HP: 53/81 MP: 4/18
 10719 | D:8      | Noticed Joseph
 10728 | D:8      | Killed Joseph
 11804 | D:9      | Found a staircase to the Lair.
 11844 | D:9      | Found a bloodstained altar of Trog.
 12058 | D:9      | Found Xiliam's Assorted Antiques.
 12061 | D:9      | Bought an inky potion for 22 gold pieces
 12061 | D:9      | Bought a potion of curing for 75 gold pieces
 12061 | D:9      | Bought a scroll of teleportation for 75 gold pieces
 12261 | D:10     | Entered Level 10 of the Dungeon
 13092 | Lair:1   | Entered Level 1 of the Lair of Beasts
 13403 | Lair:1   | Noticed Urug
 13486 | Lair:1   | Noticed a cane toad
 13495 | Lair:1   | Killed a cane toad
 14062 | Lair:1   | Noticed a cane toad
 14072 | Lair:1   | Killed a cane toad
 14073 | Lair:1   | Reached XP level 11. HP: 66/94 MP: 17/21
 14608 | Lair:1   | Identified the +1 leather armour of the Ego {rPois Int+3}
 14893 | Lair:1   | Identified the +5 trident "Ogeex" {vorpal, rF- rC+ Int+4}
 15704 | Lair:2   | Noticed a seven-headed hydra
 15713 | Lair:2   | Killed a seven-headed hydra
 16348 | Lair:3   | Noticed a death yak
 16348 | Lair:3   | Noticed a death yak
 16348 | Lair:3   | Noticed a death yak
 16352 | Lair:3   | Noticed a death yak
 16353 | Lair:3   | Noticed a death yak
 16368 | Lair:2   | Killed a death yak
 16938 | Lair:3   | Gained mutation: You are hated by all. [Ru sacrifice]
 16938 | Lair:3   | Reached * piety under Ru
 17159 | Lair:3   | Noticed a death yak
 17190 | Lair:2   | Killed a death yak
 17496 | Lair:3   | Noticed a five-headed hydra
 17507 | Lair:3   | Killed a five-headed hydra
 17511 | Lair:3   | Reached XP level 12. HP: 77/105 MP: 20/24
 18192 | Lair:2   | Killed a death yak
 18426 | Lair:2   | Killed a death yak
 18787 | Lair:3   | Killed a death yak
 18794 | Lair:3   | Killed a death yak
 19379 | Lair:4   | Noticed a death yak
 19379 | Lair:4   | Noticed a death yak
 19379 | Lair:4   | Noticed a death yak
 19379 | Lair:4   | Noticed a death yak
 19381 | Lair:4   | Noticed a death yak
 19608 | Lair:4   | Noticed a death yak
 19630 | Lair:4   | Killed a death yak
 19631 | Lair:4   | Reached skill level 10 in Fighting
 20279 | Lair:4   | Killed a death yak
 20320 | Lair:3   | Killed a death yak
 20686 | Lair:3   | Killed a death yak
 20687 | Lair:3   | Reached skill level 10 in Unarmed Combat
 20839 | Lair:4   | Killed a death yak
 20846 | Lair:4   | Killed a death yak
 21075 | Lair:4   | Found a hole to the Spider Nest.
 21622 | Lair:4   | Reached skill level 10 in Transmutations
 21628 | Lair:4   | Reached XP level 13. HP: 114/114 MP: 23/26
 22177 | Lair:4   | Found a staircase to the Shoals.
 22517 | Lair:5   | Found a gate leading to a gauntlet.
 22662 | Gauntlet | Entered a Gauntlet
 22662 | Gauntlet | Found a transporter.
 22662 | Gauntlet | Found a transporter.
 22663 | Gauntlet | Found a transporter.
 22666 | Gauntlet | Found a transporter.
 22666 | Gauntlet | Found a transporter.
 22668 | Gauntlet | Found a transporter.
 22668 | Gauntlet | Found a large runed translucent door.
 22669 | Gauntlet | Found a large runed translucent door.
 22670 | Gauntlet | Found a large runed translucent door.
 22670 | Gauntlet | Found a large runed translucent door.
 22670 | Gauntlet | Found a runed translucent door.
 22670 | Gauntlet | Found a runed translucent door.
 22671 | Gauntlet | Found a large runed translucent door.
 22671 | Gauntlet | Found a large runed translucent door.
 22671 | Gauntlet | Found a large runed translucent door.
 22671 | Gauntlet | Found a large runed translucent door.
 22672 | Gauntlet | Found a large runed translucent door.
 22672 | Gauntlet | Found a large runed translucent door.
 22673 | Gauntlet | Found a large runed translucent door.
 22673 | Gauntlet | Found a large runed translucent door.
 22674 | Gauntlet | Found a runed translucent gate.
 22674 | Gauntlet | Found a runed translucent gate.
 22674 | Gauntlet | Found a runed translucent gate.
 22676 | Gauntlet | Found a transporter.
 22680 | Gauntlet | Found a transporter.
 22682 | Gauntlet | Noticed an ettin
 22685 | Gauntlet | an ettin changed into an anaconda
 22690 | Gauntlet | Found a transporter.
 22722 | Gauntlet | Found a large runed translucent door.
 22722 | Gauntlet | Found a large runed translucent door.
 22725 | Gauntlet | Found a large runed translucent door.
 22725 | Gauntlet | Found a large runed translucent door.
 22793 | Gauntlet | Found a transporter.
 22795 | Gauntlet | Found a transporter.
 22805 | Gauntlet | Found a transporter.
 23033 | Gauntlet | Identified the ring "Zahy" {EV+4 Str+4 Int+6 SInv}
 23090 | Gauntlet | Learned a level 3 spell: Mephitic Cloud
 23203 | Gauntlet | Identified the ring "Tirrezys" {Wiz rC+}
 23203 | Gauntlet | Noticed a bunyip
 23226 | Gauntlet | Killed a bunyip
 23498 | Gauntlet | Identified the +1 quarterstaff of Exoneration {vamp, Dex+4}
 23498 | Gauntlet | Identified the +7 arbalest "Etwa" {venom, rN+ rCorr Int+2}
 23498 | Gauntlet | Noticed a minotaur
 23515 | Gauntlet | Killed a minotaur
 24784 | Lair:5   | Learned a level 5 spell: Blade Hands
 24819 | Lair:6   | Entered Level 6 of the Lair of Beasts
 25010 | Lair:6   | HP: 2/116 [cane toad (12)]
 25012 | Lair:6   | Reached skill level 10 in Dodging
 25016 | Lair:6   | Found a staircase to the Slime Pits.
 25028 | Lair:6   | Mangled by a blink frog

Illustrated notes

Levels and vault maps discovered:
D:1:      amcnicky_arrival_wind_blow, layout_basic, serial_aquarium,
          aquarium_bridge_square [aquarium_subvault_bridge,
          aquarium_subvault_bridge, aquarium_subvault_bridge,
          aquarium_subvault_wall], aquarium_bridge_square
          [aquarium_subvault_window, aquarium_subvault_bridge,
          aquarium_subvault_window, aquarium_subvault_wall],
          aquarium_window_fake, aquarium_window_fake, aquarium_window_fake,
          aquarium_view_2e, aquarium_pool_2, minmay_cut_off
D:2:      layout_basic, basic_altar, hellmonk_ecumenical_altar_inner_sanctum,
          st_stairs_4
D:3:      layout_basic
D:4:      layout_rooms
D:5:      layout_cave_pools, ebering_ghost_sewer_d, kennysheep_potato
D:6:      layout_layer_cave, uniq_pikel
D:7:      layout_basic, minmay_temple_entry_sparse_star, serial_shops, shop,
          minmay_manual_monstrance, uniq_crazy_yiuf_cottage
D:8:      layout_basic, enter_ossuary_5, nicolae_shop_firing_range, uniq_joseph
D:9:      layout_rooms, mainiacjoe_overflow_small_starburst, lair_entry_dummy,
          serial_shops, shop
D:10:     layout_cave_pools, minmay_misc_feat_diagonals
Temple:   kilobyte_greek_temple
Lair:1:   layout_layer_cave, uniq_urug
Lair:2:   layout_gridlike, ldierk_geyser, grunt_megastairs_5,
          infiniplex_staircase_pool_2
Lair:3:   layout_regular_city
Lair:4:   layout_cave_pods, minmay_shoals_entry_beasts, spider_nest_entry_a,
          eino_small_chamber_without_monster, beast_lair_carwin_3,
          grunt_megastairs_3, lemuel_fruit_fields
Lair:5:   layout_regular_city, gauntlet_entry_generic, st_stairs_13
Lair:6:   gammafunk_lair_ancient_temple, layout_regular_city,
          nicolae_slime_entry_slimehenge, serial_bayou_shore_a

Skill      XL: |  1  2  3  4  5  6  7  8  9 10 11 12 13 |
---------------+----------------------------------------+-----
Dodging        | 2 3 4 5 6 8 9 10 | 10.0
Fighting       | 2 3 4 5 6 8 9 10 11 | 11.6
Poison Magic   | 1 2 |  2.0
Unarmed Combat | 4 5 6 7 9 10 11 | 11.0
Transmutations | 3 4 5 6 7 8 10 | 10.8
Spellcasting   | 3 4 5 6 8 9 |  9.0
Ice Magic      | 2 4 5 |  5.0

Action                   |  1- 3 |  4- 6 |  7- 9 | 10-12 | 13-15 || total
-------------------------+-------+-------+-------+-------+-------++-------
Melee: Unarmed           |   106 |    85 |   302 |   557 |   159 ||  1209
       Tailslap          |    15 |     3 |    10 |     3 |     3 ||    34
       Kick              |    16 |    11 |     2 |       |       ||    29
       Headbutt          |    10 |     5 |       |       |       ||    15
       Punch             |       |       |       |       |     3 ||     3
 Cast: Beastly Appendage |    28 |    17 |     1 |       |       ||    46
       Spider Form       |     1 |     6 |    10 |       |       ||    17
       Ice Form          |       |       |    21 |    59 |    19 ||    99
       Blade Hands       |       |       |       |       |     4 ||     4
       Mephitic Cloud    |       |       |       |       |     1 ||     1
Invok: Reject Sacrifices |       |       |     1 |       |       ||     1
       Sacrifice Love    |       |       |       |     1 |       ||     1
 Abil: Breathe Lightning |       |       |     1 |       |     1 ||     2
Evoke: Wand              |       |       |     3 |       |       ||     3
  Use: Scroll            |     5 |     3 |    10 |     7 |    10 ||    35
       Potion            |       |       |     4 |       |     3 ||     7
 Stab: Confused          |       |       |       |       |     2 ||     2
       Invisible         |       |       |       |       |     2 ||     2
Armor: Skin              |    39 |    20 |    77 |   101 |    41 ||   278
Dodge: Dodged            |    80 |    72 |   236 |   283 |   135 ||   806
Block: Other             |     5 |    28 |    64 |   106 |    33 ||   236
       Reflection        |       |     2 |     4 |     1 |       ||     7

Table legend: (Time is in decaauts)
 A = Elapsed time spent in this place.
 B = Non-inter-level travel time spent in this place.
 C = Inter-level travel time spent in this place.
 D = Time resting spent in this place.
 E = Time spent auto-exploring this place.
 F = Levels seen in this place.
 G = Mean time per level.
                   A        B        C        D        E       F      G
               +--------+--------+--------+--------+--------+-----+--------+
         Total |  24866 |  24217 |    649 |   1189 |  20038 |  19 | 1308.7 |
       Dungeon |  12554 |  12263 |    291 |    530 |  10259 |  10 | 1255.4 |
        Temple |    159 |    118 |     41 |      0 |    101 |   1 |  159.0 |
          Lair |  10735 |  10420 |    315 |    334 |   8924 |   6 | 1789.2 |
       Ossuary |    324 |    324 |      0 |      0 |    224 |   1 |  324.0 |
      Gauntlet |   1092 |   1092 |      0 |    325 |    529 |   1 | 1092.0 |
               +--------+--------+--------+--------+--------+-----+--------+

Top non-repeatable levels by time:
  Lair:4: 2544 daAuts
  Lair:1: 2498 daAuts
     D:6: 2429 daAuts
  Lair:2: 2301 daAuts
  Lair:3: 1998 daAuts
     D:7: 1693 daAuts
     D:5: 1684 daAuts
     D:8: 1635 daAuts
  Lair:5: 1188 daAuts
Gauntlet: 1092 daAuts
     D:2: 987 daAuts
     D:1: 971 daAuts
     D:4: 907 daAuts
    D:10: 813 daAuts
     D:9: 750 daAuts
